 Dungeon Crawl Stone Soup version 0.30-a0-568-g124715a40b (webtiles) character file.

Game seed: 3432787193697822755

203706 jfcaron the Executioner (level 17, -8/145 HPs)
             Began as a Demonspawn Monk on Dec 28, 2022.
             Was the Champion of Qazlal.
             Killed from afar by Nikola (84 damage)
             ... with an arc of chain lightning
             ... on level 2 of the Shoals.
             The game lasted 01:22:54 (38245 turns).

jfcaron the Executioner (Demonspawn Monk)          Turns: 38245, Time: 01:22:55

Health: -8/145     AC: 31    Str: 22    XL:     17   Next: 99%
Magic:  29/29      EV:  9    Int: 16    God:    Qazlal [******]
Gold:   1307       SH:  8    Dex: 16    Spells: 16/16 levels left

rFire   + + +      SeeInvis .    M - +5 Lochaber axe {reach-cleave, poleaxe, Drain}
rCold   . . .      Faith    +    (shield currently unavailable)
rNeg    . . .      Spirit   .    N - +4 chain mail
rPois   .          Reflect  .    Y - +0 helmet "Tuffudd" {Will+ Str+5 Int+2}
rElec   +          Harm     .    s - +2 cloak
rCorr   .          Rampage  .    A - +2 pair of gloves of Abstinence {-Cast Fly rF+++ Stlth+}
Will    +++..      NoCast   +    e - +2 pair of boots {Stlth+}
Stlth   +                        m - amulet of faith
HPRegen 0.44/turn                a - +4 ring of slaying
MPRegen 0.21/turn                P - ring of willpower

@: protected from electricity, flying, repel missiles
A: claws 2, molten scales 3, foul stench 2, spiny 2, augmentation 1
}: 1/15 runes: gossamer
a: Renounce Religion, Upheaval, Elemental Force, Disaster Area


You were on level 2 of the Shoals.
You worshipped Qazlal.
Qazlal was exalted by your worship.
You visited 6 branches of the dungeon, and saw 30 of its levels.
You also visited: Gauntlet.

You collected 4922 gold pieces.
You spent 3615 gold pieces at shops.

Inventory:

Hand Weapons
 q - a +2 broad axe of electrocution
   (You took it off an orc knight on level 2 of the Orcish Mines)
 M - the +5 Lochaber axe (weapon) {reach-cleave, poleaxe, Drain}
   (You found it on level 10 of the Dungeon)

   It can be evoked to extend its reach, and strikes at all foes within reach,
   dealing less damage to those not targeted.
   It uses either Axes or Polearms skill, whichever is higher.
   Drain:     It drains your maximum health when unequipped.
Missiles
 d - 4 curare-tipped darts {!f}
 k - 20 javelins
 y - 11 throwing nets {!f}
 O - 2 boomerangs of dispersal {!f}
 R - 4 atropa-tipped darts {!f}
 W - 18 silver boomerangs
Armour
 e - a +2 pair of boots of stealth (worn)
   (You found it on level 4 of the Spider Nest)
 s - a +2 cloak (worn)
 A - the +2 pair of gloves of Abstinence (worn) {-Cast Fly rF+++ Stlth+}
   (You found it on level 4 of the Spider Nest)

   rF:        It renders you almost immune to fire.
   Fly:       It grants you flight.
   -Cast:     It prevents spellcasting.
   Stlth:     It makes you more stealthy.
 N - a +4 chain mail (worn)
 Y - the +0 helmet "Tuffudd" (worn) {Will+ Str+5 Int+2}
   (You acquired it on level 5 of the Lair of Beasts)

   Str:       It affects your strength (+5).
   Int:       It affects your intelligence (+2).
   Will:      It increases your willpower.
Jewellery
 a - a +4 ring of slaying (left hand)
   (You bought it in a shop on level 10 of the Dungeon)
 m - an amulet of faith (around neck)
   (You took it off a gnoll on level 4 of the Dungeon)
 z - the ring "Mejeof" {Fire Int+2 Dex+7 Stlth-}
   (You found it in a Gauntlet)

   [ring of fire]

   It enhances your fire magic.
   Int:       It affects your intelligence (+2).
   Dex:       It affects your dexterity (+7).
   rF:        It protects you from fire.
   rC:        It makes you vulnerable to cold.
   Stlth:     It makes you less stealthy.
 C - a ring of protection from cold
   (You found it on level 8 of the Dungeon)
 D - a ring of see invisible
 J - a ring of poison resistance
 P - a ring of willpower (right hand)
   (You found it on level 4 of the Spider Nest)
Wands
 b - a wand of quicksilver (18)
   (You found it on level 9 of the Dungeon)
 c - a wand of digging (7)
   (You bought it in a shop on level 2 of the Orcish Mines)
 E - a wand of polymorph (16)
 H - a wand of flame (83)
   (You found it on level 5 of the Dungeon)
 K - a wand of paralysis (6)
 S - a wand of roots (11)
   (You found it on level 11 of the Dungeon)
Scrolls
 i - 4 scrolls of fog
 j - 6 scrolls of fear
 o - 2 scrolls of blinking
 t - 15 scrolls of teleportation
 u - 7 scrolls of poison
 v - 2 scrolls of torment
 x - 7 scrolls of enchant weapon
 T - a scroll of silence
 U - 5 scrolls of immolation
 X - 3 scrolls of magic mapping
Potions
 f - 4 potions of haste
 g - a potion of heal wounds
 h - 2 potions of invisibility
 l - 3 potions of lignification
 n - 4 potions of attraction
 p - 5 potions of flight
 r - 8 potions of magic
 w - 2 potions of berserk rage
 B - 4 potions of resistance
 F - 3 potions of mutation
 G - 2 potions of cancellation
 I - 16 potions of curing
 V - 2 potions of might
 Z - 9 potions of ambrosia
Miscellaneous
 L - a box of beasts (inert)
   (You found it in a Gauntlet)


   Skills:
 - Level 16.4 Fighting
 * Level 23.7 Axes
 + Level 10.0 Armour
 + Level 3.1 Dodging
 - Level 2.0 Stealth
 - Level 17.4 Invocations
 + Level 0.5 Evocations


You had 16 spell levels left.
You didn't know any spells.
Your spell library contained the following spells:

 Spells                   Type           Power      Damage    Failure   Level
 Magic Dart               Conj           0%         1d3       83%         1
 Slow                     Hex            0%         N/A       83%         1
 Summon Small Mammal      Summ           0%         N/A       83%         1
 Call Imp                 Summ           0%         N/A       93%         2
 Cigotuvi's Dreadful Rot  Necr/Pois/Air  0%         N/A       93%         2
 Ensorcelled Hibernation  Hex/Ice        0%         N/A       93%         2
 Poisonous Vapours        Pois/Air       0%         N/A       93%         2
 Call Canine Familiar     Summ           0%         N/A       99%         3
 Confusing Touch          Hex            0%         N/A       99%         3
 Dazzling Flash           Conj/Hex       0%         N/A       99%         3
 Gell's Gravitas          Tloc           0%         N/A       99%         3
 Inner Flame              Hex/Fire       0%         N/A       99%         3
 Lesser Beckoning         Tloc           0%         N/A       99%         3
 Mephitic Cloud           Conj/Pois/Air  0%         N/A       99%         3
 Portal Projectile        Hex/Tloc       0%         N/A       99%         3
 Spider Form              Tmut/Pois      0%         N/A       99%         3
 Summon Guardian Golem    Hex/Summ       0%         N/A       99%         3
 Teleport Other           Tloc           0%         N/A       99%         3
 Tukima's Dance           Hex            0%         N/A       99%         3
 Vampiric Draining        Necr           0%         2d6       99%         3
 Anguish                  Hex/Necr       0%         N/A       100%        4
 Animate Armour           Summ/Erth      0%         N/A       100%        4
 Cause Fear               Hex            0%         N/A       100%        4
 Dispel Undead            Necr           0%         3d6       100%        4
 Agony                    Necr           0%         N/A       100%        5
 Blade Hands              Tmut           0%         N/A       100%        5
 Silence                  Hex/Air        0%         N/A       100%        5
 Death Channel            Necr           0%         N/A       100%        6
 Iron Shot                Conj/Erth      0%         9d1       100%        6
 Discord                  Hex            0%         N/A       100%        8


Dungeon Overview and Level Annotations

Branches:
Dungeon (15/15)            Temple (1/1) D:6            Lair (5/5) D:10
 Shoals (3/4) Lair:2       Spider (4/4) Lair:3        Slime (0/5) Lair:4
    Orc (2/2) D:11            Elf (0/3) Orc:2        Vaults (0/5) D:13
 Depths (0/4) D:15        Gauntlet (visited)

Altars:
Ashenzari
Cheibriados
Dithmenos
Fedhas
Gozag
Hepliaklqana
Kikubaaqudgha
Makhleb
Nemelex Xobeh
Okawaru
Qazlal
Ru
Sif Muna
Trog
Uskayaw
Vehumet
Wu Jian
Xom
Yredelemnul
Jiyva

Shops:
D:2 :(*(   D:10 =   D:14 (   Orc:1 (   Orc:2 =(?*   Shoals:2 :

Portals:
Pandemonium: Orc:2

Annotations:
D:13 2 transporters
Shoals:2 Nikola
Spider:3 2 transporters, Pokonic1's ghost, journeyman DsMo


Innate Abilities, Weirdness & Mutations

You have very sharp fingernails.
You are completely covered in molten scales. (AC +4, rF+)
You sometimes emit foul miasma when damaged in melee.
You are mostly covered in sharp spines.
Your magical and physical power is slightly enhanced at high health.


Message History

You remove your ring of poison resistance.
P - a ring of willpower (right hand)
You start resting.
HP restored.
You fly downwards.
Level annotation: Nikola The centaur warrior wields a +0 shortbow.
The centaur warrior shoots an arrow.
You block the arrow. Nikola is struck by your spines.
Nikola hits you but does no damage.
A merfolk siren comes into view. It is wielding a +0 spear.
A faun comes into view. It is wielding a +0 quarterstaff.
The centaur warrior shoots an arrow.
The arrow is repelled.
There is a stone staircase leading up here.
You hear a shout!
The centaur warrior shoots an arrow.
The arrow hits you but does no damage. Nikola hits you but does no damage.
The faun unwields a +0 quarterstaff.
The faun wields a +0 sling.
The faun shoots a sling bullet.
The sling bullet hits you but does no damage.
The centaur warrior shoots an arrow.
The arrow is repelled.
You fly upwards.
There is a stone staircase leading down here.
You slice Nikola!!
Nikola is lightly wounded.
Nikola casts a spell.
Lightning arcs from Nikola's hands!
The bolt of lightning hits you!!!
A bolt of lightning appears from out of thin air!
The bolt of lightning hits Nikola!
Aiming: Paralyse
Press: ? - help, Shift-Dir - straight line, f - Nikola
Aim: Nikola, wielding a +0 rapier of electrocution, wearing a +0 cloak and wearing a +0 pair of gloves (moderately wounded, chance to affect: 0%)
Okay, then.
Unknown command.
Unknown command.
You slash Nikola!
Nikola is moderately wounded.
Nikola casts a spell.
Lightning arcs from Nikola's hands!
The bolt of lightning hits you!!!!
You feel protected from electricity.
Ouch! That really hurt!
You die...

~~~~≈≈≈~≈≈≈≈≈~...~~~~~.....~~...~
~≈≈~~~~~≈≈≈.....~~..~~~...~≈≈≈~~~
~~~~~~~~.~..........~~~~..~~≈≈≈≈~
~~~~~~~......#..............≈≈≈~.
~~~~~.~.#............~~..#..~≈~..
~~~~....#......####..~~~##..≈≈~≈~
......~.....~~.°##°.........~≈≈≈~
.~~..~~....~~~§§@°...~...#..~≈~~~
.~~.#.~...~~~P.☼@☼.~~~..###.~~~~~
...<##.~.~~.#P.§§○..~~~.# ##..~~~
.......~~~.##..~~..~~~..# #.....
.~.##..~~~........~~~~~.# ######
.~.P##.~P~.PPP....~~~~~.# #
...###..~~~~.~~~..~~≈≈..# ### #
....##.)[....~~.~~~~~~..#####.###
.....[..<.)..~~~~~~~~~~.#........
~~~....^.###..~~~~~~~~~..........


You could see Nikola.

Vanquished Creatures
  Jorgrun (D:15)
  Rupert (D:13)
  Frances (D:11)
  Gastronok (D:12)
  Ilsuiw (Shoals:2)
  3 emperor scorpions
  5 ghost moths
  Nessos (D:15)
  A minotaur (Gauntlet)
  6 spark wasps (Spider:4)
  Snorg (Orc:2)
  A merfolk impaler (Shoals:1)
  Josephine (Lair:3)
  An entropy weaver (Spider:3)
  An entropy weaver (shapeshifter) (D:15)
  Harold (Orc:1)
  Erolcha (Orc:2)
  5 hydras
  2 radroaches
  4 catoblepae
  A rakshasa (D:14)
  2 demonspawn (Orc:2)
  4 merfolk aquamancers (Shoals:2)
  5 centaur warriors
  A jorogumo (Spider:1)
  5 boulder beetles
  A death knight (D:13)
  4 two-headed ogres
  22 death yaks
  A tengu warrior (D:15)
  A deep troll shaman (Lair:5)
  A vampire mage (Lair:4)
  7 orc high priests (Orc:2)
  Sonja (D:12)
  Urug (D:13)
  A sun demon (Orc:2)
  6 pharaoh ants
  4 sun moths
  12 skeletal warriors
  6 sea snakes (Shoals:2)
  6 steelbarb worms
  11 orb spiders
  7 orc knights
  A flayed ghost (D:15)
  An orange crystal statue (D:14)
  A wizard (D:14)
  Pikel (D:4)
  4 deep elf pyromancers
  2 deep elf zephyrmancers (D:11)
  2 necromancers
  A lindwurm (Lair:1)
  11 harpies
  31 wolf spiders
  9 ugly things
  7 cyclopes
  9 manticores
  8 orc sorcerers
  2 oklob plants
  3 fauns (Shoals:1)
  A mana viper (D:10)
  9 elephants
  4 merfolk sirens (Shoals:2)
  Maurice (D:9)
  3 black mambas
  5 water nymphs
  Joseph (Lair:1)
  3 gargoyles
  4 torpor snails
  A frost giant skeleton (D:15)
  8 cane toads
  6 komodo dragons
  A freezing wraith (D:14)
  A rime drake (Lair:3)
  An unseen horror zombie (D:9)
  A yaktaur (D:15)
  An efreet (D:15)
  3 demonic crawlers
  An ice devil (Orc:2)
  5 trolls
  12 meliai
  3 queen bees
  9 hornets
  9 polar bears
  A tyrant leech (Gauntlet)
  17 merfolk
  Prince Ribbit (D:5)
  31 tarantellas
  5 wind drakes
  6 slime creatures (D:11)
  A spriggan zombie (D:15)
  2 dream sheep (Lair:1)
  12 blink frogs
  2 snapping turtles (Shoals:1)
  Sigmund (D:2)
  An ettin zombie (D:15)
  24 culicivoras
  16 jumping spiders
  A centaur simulacrum (D:15)
  7 wraiths
  A spriggan skeleton (D:15)
  7 water elementals
  2 basilisks
  44 yaks
  26 redbacks
  A chaos spawn (Orc:2)
  A steam dragon (D:8)
  17 humans
  A neqoxec (Orc:2)
  Menkaure (D:7)
  5 wargs
  4 swamp worms (Gauntlet)
  A water moccasin (shapeshifter) (D:14)
  2 acid dragons
  10 water moccasins
  2 ice beasts
  31 orc warriors
  A swamp drake (D:11)
  2 sky beasts
  10 black bears
  6 ogres
  16 wolves
  14 centaurs
  A phantom (D:3)
  2 kobold brigands
  Blork the orc (D:5)
  A gnoll sergeant (D:8)
  5 bullfrogs
  3 necrophages
  A scorpion (Lair:3)
  17 wights
  49 killer bees
  2 electric eels (D:14)
  A crimson imp (D:11)
  3 howler monkeys
  A centaur zombie (D:9)
  4 jellies
  20 orc priests
  2 gnoll boudas
  2 hounds
  3 iguanas
  An iron imp (D:11)
  Jessica (D:3)
  Terence (D:2)
  19 orc wizards
  A killer bee zombie (D:9)
  4 howler monkey zombies (D:9)
  Robin (D:2)
  21 gnolls
  6 adders
  A shadow imp (D:11)
  5 white imps
  6 worms
  A dart slug (D:3)
  85 orcs
  4 ball pythons
  3 endoplasms
  4 giant cockroaches
  12 goblins
  4 hobgoblins
  4 jackals
  15 kobolds
  5 quokkas
  3 training dummies (D:14)
  6 bats
  5 frilled lizards
  2 rats
  A bush (Lair:5)
  41 fungi
  64 plants
  9 withered plants
1121 creatures vanquished.

Notes
Turn   | Place    | Note
-------+----------+-------------------------------------------
     0 | D:1      | jfcaron the Demonspawn Monk began the quest for the Orb.
     0 | D:1      | Reached XP level 1. HP: 18/18 MP: 1/1
   250 | D:1      | Gained mutation: You are partially covered in sharp spines.
                  | [demonic ancestry]
   250 | D:1      | Reached XP level 2. HP: 19/24 MP: 2/2
   340 | D:1      | Reached skill level 3 in Axes
   913 | D:2      | Noticed Sigmund
   940 | D:2      | Killed Sigmund
   941 | D:2      | Reached skill level 4 in Axes
   941 | D:2      | Gained mutation: You are mostly covered in sharp spines.
                  | [demonic ancestry]
   941 | D:2      | Reached XP level 3. HP: 10/30 MP: 3/3
   941 | D:2      | Gained mutation: You may rarely emit foul miasma when
                  | damaged in melee. [demonic ancestry]
   941 | D:2      | Reached XP level 4. HP: 12/37 MP: 4/4
   941 | D:2      | Gained mutation: You are partially covered in molten
                  | scales. (AC +2) [demonic ancestry]
   941 | D:2      | Reached XP level 5. HP: 14/42 MP: 5/5
  1085 | D:2      | Found Hodot's Assorted Antiques.
  1101 | D:2      | Bought a dark potion for 29 gold pieces
  1101 | D:2      | Bought a golden potion for 29 gold pieces
  1108 | D:2      | Found Toubro's Weapon Boutique.
  1274 | D:2      | Found Pioli's Book Shoppe.
  1369 | D:2      | Noticed Terence
  1380 | D:2      | Noticed Robin
  1381 | D:2      | Killed Terence
  1402 | D:2      | Found Saukk's Weapon Shop.
  1408 | D:2      | Killed Robin
  1522 | D:2      | Bought a scroll labelled EFEATA BAEM for 33 gold pieces
  1594 | D:3      | Gained mutation: You are mostly covered in molten scales.
                  | (AC +3) [demonic ancestry]
  1594 | D:3      | Reached XP level 6. HP: 42/48 MP: 6/6
  2043 | D:3      | Noticed Jessica
  2051 | D:3      | Killed Jessica
  2658 | D:2      | Bought a scroll labelled KIDAOH SICSUOLIV for 33 gold
                  | pieces
  2910 | D:3      | Reached skill level 5 in Axes
  2978 | D:4      | Noticed a sky beast
  2991 | D:4      | Killed a sky beast
  2992 | D:4      | Gained mutation: You have sharp fingernails. [demonic
                  | ancestry]
  2992 | D:4      | Reached XP level 7. HP: 45/55 MP: 7/7
  3342 | D:4      | HP: 11/55 [gnoll bouda/+0 whip (8)]
  3529 | D:4      | Reached skill level 5 in Fighting
  3989 | D:5      | Entered Level 5 of the Dungeon
  4061 | D:2      | Bought a scroll labelled TUUPHU ONOEK for 33 gold pieces
  4061 | D:2      | Bought a scroll labelled LEORHA PERYEH for 33 gold pieces
  4153 | D:5      | Noticed Pikel
  4167 | D:4      | HP: 10/56 [Pikel/+1 whip of freezing (4)]
  4173 | D:4      | Killed Pikel
  4174 | D:4      | Reached skill level 7 in Axes
  4174 | D:4      | Reached XP level 8. HP: 17/62 MP: 8/8
  4384 | D:5      | Noticed Blork the orc
  4396 | D:5      | Killed Blork the orc
  4887 | D:5      | Reached skill level 8 in Axes
  4887 | D:5      | Reached skill level 5 in Armour
  4905 | D:5      | Identified the +6 chain mail of Least Resistance {Will-
                  | Regen+ Int+6}
  4985 | D:5      | Noticed Prince Ribbit
  4999 | D:5      | Killed Prince Ribbit
  5107 | D:6      | Identified a scroll of acquirement
  5107 | D:6      | Acquired 1027 gold pieces
  5186 | D:2      | Bought a +0 war axe for 49 gold pieces
  5316 | D:6      | Reached skill level 9 in Axes
  5316 | D:6      | Reached XP level 9. HP: 66/68 MP: 9/9
  5323 | D:6      | Found a staircase to the Ecumenical Temple.
  5332 | Temple   | Entered the Ecumenical Temple
  5332 | Temple   | Found a transporter.
  5332 | Temple   | Found a transporter.
  5334 | Temple   | Found a transporter.
  5334 | Temple   | Found a transporter.
  5483 | D:6      | Found an ornate altar of the Wu Jian Council.
  5564 | D:6      | Identified the +0 helmet of Leaves {Fly rC- Str+3 Stlth+}
  5765 | D:6      | Found a sacrificial altar of Ru.
  6351 | D:7      | Found a radiant altar of Vehumet.
  6351 | D:7      | Found a shimmering altar of Xom.
  6707 | D:7      | Noticed Menkaure
  6715 | D:7      | Killed Menkaure
  6772 | D:7      | Reached skill level 10 in Axes
  7817 | D:8      | Reached XP level 10. HP: 70/77 MP: 10/10
  7951 | D:8      | Noticed a two-headed ogre
  7955 | D:8      | HP: 7/77 [two-headed ogre/+0 giant club (12)]
  7961 | D:8      | Killed a two-headed ogre
  7962 | D:8      | Reached skill level 11 in Axes
  8210 | D:8      | Found a burning altar of Makhleb.
  8216 | D:8      | Found a snail-covered altar of Cheibriados.
  8267 | D:8      | Found a stormy altar of Qazlal.
  8285 | D:8      | Became a worshipper of Qazlal Stormbringer
  8285 | D:8      | Reached * piety under Qazlal
  8285 | D:8      | Reached ** piety under Qazlal
  8499 | D:2      | Bought a +3 morningstar of protection for 218 gold pieces
  8704 | D:8      | Found a sparkling altar of Nemelex Xobeh.
  8962 | D:9      | Noticed a two-headed ogre
  8983 | D:9      | Killed a two-headed ogre
  9300 | D:9      | Noticed a two-headed ogre
  9317 | D:9      | HP: 7/80 [two-headed ogre/+0 giant spiked club (13)]
  9321 | D:9      | Killed a two-headed ogre
  9322 | D:9      | Reached skill level 12 in Axes
  9552 | D:9      | Found an ancient bone altar of Kikubaaqudgha.
  9569 | D:9      | Gained mutation: You have very sharp fingernails. [demonic
                  | ancestry]
  9569 | D:9      | Reached XP level 11. HP: 81/86 MP: 11/11
  9800 | D:9      | Reached *** piety under Qazlal
 10035 | D:9      | Noticed Maurice
 10036 | D:9      | Paralysed by Maurice for 5 turns
 10049 | D:9      | Killed Maurice
 10498 | D:10     | Entered Level 10 of the Dungeon
 10536 | D:10     | Found a staircase to the Lair.
 10831 | D:10     | Found the +5 Lochaber axe {reach-cleave, poleaxe, Drain}
 10836 | D:10     | Noticed a two-headed ogre
 10905 | D:10     | a two-headed ogre changed into a mana viper
 10905 | D:10     | Noticed a mana viper
 10912 | D:10     | HP: 15/87 [mana viper (10)]
 10913 | D:10     | Killed a mana viper
 11233 | D:10     | Reached **** piety under Qazlal
 11270 | D:10     | Found Qyatotur's Jewellery Emporium.
 11624 | D:11     | Found a staircase to the Orcish Mines.
 11632 | D:11     | Reached skill level 13 in Axes
 11878 | D:11     | Noticed a skeletal warrior
 11998 | Lair:1   | Entered Level 1 of the Lair of Beasts
 12181 | Lair:1   | Noticed a lindwurm
 12186 | Lair:1   | Killed a lindwurm
 12333 | Lair:1   | Reached XP level 12. HP: 96/96 MP: 12/12
 12430 | Lair:1   | Noticed Joseph
 12432 | Lair:1   | Reached ***** piety under Qazlal
 12437 | Lair:1   | Reached skill level 1 in Invocations
 12441 | Lair:1   | Killed Joseph
 12942 | Lair:1   | Noticed a catoblepas
 12959 | Lair:1   | Killed a catoblepas
 13402 | Lair:2   | Reached skill level 14 in Axes
 13533 | Lair:2   | Noticed a six-headed hydra
 13539 | Lair:2   | Killed an 11-headed hydra
 13637 | Lair:2   | Reached skill level 10 in Fighting
 13749 | Lair:2   | HP: 17/97 [polar bear (5)]
 13750 | Lair:2   | HP: 1/97 [polar bear (17)]
 14288 | Lair:2   | Found a staircase to the Shoals.
 14378 | Lair:2   | Noticed a catoblepas
 14385 | Lair:2   | Reached skill level 5 in Invocations
 14390 | Lair:2   | Killed a catoblepas
 15154 | Lair:3   | Reached skill level 10 in Armour
 15156 | Lair:3   | Found a hide-covered altar of Uskayaw.
 15181 | Lair:3   | Found a gate leading to a gauntlet.
 15211 | Gauntlet | Entered a Gauntlet
 15211 | Gauntlet | Found a transporter.
 15220 | Gauntlet | Found a transporter.
 15220 | Gauntlet | Noticed a catoblepas
 15223 | Gauntlet | Found a transporter.
 15224 | Gauntlet | Found a transporter.
 15235 | Gauntlet | Found a transporter.
 15235 | Gauntlet | Found a transporter.
 15236 | Gauntlet | Found a transporter.
 15245 | Gauntlet | Found a transporter.
 15248 | Gauntlet | Found a transporter.
 15249 | Gauntlet | Found a transporter.
 15252 | Gauntlet | Noticed a death yak
 15257 | Gauntlet | Found a transporter.
 15259 | Gauntlet | Noticed a death yak
 15259 | Gauntlet | Noticed a death yak
 15259 | Gauntlet | Noticed a death yak
 15260 | Gauntlet | Found a transporter.
 15260 | Gauntlet | Noticed a death yak
 15261 | Gauntlet | Found a transporter.
 15268 | Gauntlet | Found a runed translucent door.
 15271 | Gauntlet | Found a transporter.
 15368 | Gauntlet | Killed a catoblepas
 15370 | Gauntlet | Reached skill level 15 in Axes
 15371 | Gauntlet | Reached XP level 13. HP: 81/103 MP: 17/17
 15788 | Gauntlet | Identified the ring "Mejeof" {Fire Int+2 Dex+7 Stlth-}
 15790 | Gauntlet | Acquired a manual of Invocations
 15864 | Gauntlet | Noticed a minotaur
 15874 | Gauntlet | HP: 19/103 [minotaur's headbutt (5)]
 15875 | Gauntlet | HP: 1/103 [minotaur (9)]
 15876 | Gauntlet | Killed a minotaur
 16372 | D:10     | Bought a +4 ring of slaying for 1170 gold pieces
 16716 | Lair:3   | Found a hole to the Spider Nest.
 16728 | Lair:3   | Reached skill level 16 in Axes
 16859 | Lair:3   | Noticed Josephine
 16867 | Lair:3   | Reached skill level 10 in Invocations
 16867 | Lair:3   | Killed Josephine
 17733 | Lair:4   | Reached skill level 17 in Axes
 17982 | Lair:4   | Gained mutation: Your magical and physical power is
                  | slightly enhanced at high health. [demonic ancestry]
 17982 | Lair:4   | Reached XP level 14. HP: 75/110 MP: 21/21
 18206 | Lair:4   | Found a runed translucent door.
 18257 | Lair:4   | Found a staircase to the Slime Pits.
 18261 | Lair:4   | Found a viscous altar of Jiyva.
 18970 | Lair:5   | Entered Level 5 of the Lair of Beasts
 19572 | Lair:5   | Acquired the +0 helmet "Tuffudd" {Will+ Str+5 Int+2}
 19905 | Lair:5   | Reached skill level 18 in Axes
 20801 | Orc:1    | Entered Level 1 of the Orcish Mines
 20810 | Orc:1    | Reached ****** piety under Qazlal
 20818 | Orc:1    | Reached skill level 19 in Axes
 21075 | Orc:1    | Found Peebenn's Weapon Shoppe.
 21140 | Orc:2    | Entered Level 2 of the Orcish Mines
 21199 | Orc:2    | Noticed Erolcha
 21201 | Orc:2    | Killed Erolcha
 21326 | Orc:2    | Found a staircase to the Elven Halls.
 21461 | Orc:1    | Noticed Harold
 21466 | Orc:1    | Killed Harold
 21698 | Orc:2    | Noticed Snorg
 21701 | Orc:2    | Killed Snorg
 22021 | Orc:2    | Found Bom Ydd's General Store.
 22027 | Orc:2    | Found Vyopn's Magic Scroll Shoppe.
 22158 | Orc:2    | Bought a scroll of blinking for 90 gold pieces
 22201 | Orc:2    | Reached XP level 15. HP: 46/115 MP: 12/22
 22436 | Orc:2    | Reached skill level 20 in Axes
 22991 | Orc:2    | Found Wippun's Antique Weapon Boutique.
 22991 | Orc:2    | Found Zohish's Jewellery Shop.
 22992 | Orc:2    | Found a one-way gate leading to the halls of Pandemonium.
 23071 | Orc:2    | Bought a scroll of acquirement for 624 gold pieces
 23073 | Orc:2    | Acquired 822 gold pieces
 23075 | Orc:2    | Bought a scroll of acquirement for 624 gold pieces
 23075 | Orc:2    | Acquired a manual of Fighting
 23079 | Orc:2    | Bought a scroll of magic mapping for 90 gold pieces
 23081 | Orc:2    | Bought a wand of digging (7) for 470 gold pieces
 23988 | D:12     | Noticed Gastronok
 23992 | D:12     | Noticed Frances
 24422 | D:11     | Killed Frances
 24448 | D:12     | Killed Gastronok
 24755 | D:12     | Found an iron altar of Okawaru.
 24766 | D:12     | Identified the +5 mace of the Glowing Gods {heavy, rElec
                  | rN+++ Dex-2}
 24803 | D:12     | Noticed Sonja
 24812 | D:12     | Killed Sonja
 25371 | D:13     | Found a transporter.
 25372 | D:13     | Noticed a sphinx
 25398 | D:13     | Noticed Urug
 25407 | D:13     | Noticed Rupert
 25769 | D:13     | Killed Urug
 25961 | D:13     | Found a gate to the Vaults.
 26217 | D:13     | Killed Rupert
 26637 | D:13     | Found a transporter.
 26857 | D:14     | Reached skill level 21 in Axes
 26931 | D:14     | Found Inuutil's Firing Range.
 26936 | D:14     | Bought 2 throwing nets for 90 gold pieces
 27778 | D:15     | Entered Level 15 of the Dungeon
 27786 | D:15     | Noticed Nessos
 28074 | D:15     | Killed Nessos
 28146 | D:15     | Noticed Jorgrun
 28151 | D:15     | Gained mutation: You are completely covered in molten
                  | scales. (AC +4, rF+) [demonic ancestry]
 28151 | D:15     | Reached XP level 16. HP: 115/129 MP: 26/26
 28159 | D:15     | Killed Jorgrun
 28677 | D:15     | Found a staircase to the Depths.
 29283 | Spider:1 | Entered Level 1 of the Spider Nest
 29295 | Spider:1 | Reached skill level 15 in Invocations
 30521 | Spider:1 | Found a hide-covered altar of Uskayaw.
 30917 | Spider:2 | HP: 25/133 [redback (11)]
 30923 | Spider:2 | Reached skill level 22 in Axes
 30924 | Spider:2 | HP: 14/133 [redback (4)]
 32562 | Spider:3 | Found a transporter.
 32562 | Spider:3 | Noticed Pokonic1's ghost (journeyman DsMo)
 32588 | Spider:3 | Gained mutation: You sometimes emit foul miasma when
                  | damaged in melee. [demonic ancestry]
 32588 | Spider:3 | Reached XP level 17. HP: 86/140 MP: 29/29
 32620 | Spider:3 | Reached skill level 15 in Fighting
 32805 | Spider:3 | Identified the amulet of Scepticism {RegenMP *Slow Dex+4}
 32852 | Spider:3 | Found a transporter.
 32918 | Spider:4 | Entered Level 4 of the Spider Nest
 33209 | Spider:4 | HP: 19/142 [wolf spider (11)]
 33786 | Spider:3 | HP: 14/137 [pharaoh ant (29)]
 35207 | Spider:4 | Reached skill level 23 in Axes
 35619 | Spider:4 | Identified the +2 pair of gloves of Abstinence {-Cast Fly
                  | rF+++ Stlth+}
 35656 | Spider:4 | Got a gossamer rune of Zot
 35834 | Shoals:1 | Entered Level 1 of the Shoals
 37395 | Shoals:2 | Noticed Ilsuiw
 37407 | Shoals:2 | Killed Ilsuiw
 37684 | Shoals:2 | Found Cuagud's Book Boutique.
 38185 | Shoals:3 | Noticed Nikola
 38245 | Shoals:2 | Killed from afar by Nikola

Illustrated notes

Levels and vault maps discovered:
D:1:      lemuel_arrival_tunnels, layout_basic, minmay_pentomino_z2
D:2:      layout_rooms, serial_shops, nicolae_shop_crystal,
          nicolae_shop_window_shopping, nicolae_shop_hallway_stairs,
          nicolae_lakefront_shop, uniq_terence, uniq_robin, uniq_sigmund
D:3:      layout_basic, chequers_serial_rivers_micro_a, uniq_jessica
D:4:      layout_loops_ring, dk_vineyard_2, serial_park_tiny_pond,
          minmay_misc_feat_hallway, lemuel_flame_loot_1
D:5:      layout_rooms, uniq_blork_the_orc, uniq_pikel, uniq_prince_ribbit1
D:6:      layout_loops_corners, mainiacjoe_overflow_24_doors,
          lemuel_crystal_altar, minmay_temple_entry_statues_fountains,
          serial_aquarium, aquarium_bridge_long_joined [aquarium_subvault_wall,
          aquarium_subvault_wall, aquarium_subvault_window,
          aquarium_subvault_bridge, aquarium_subvault_bridge,
          aquarium_subvault_balcony], aquarium_bridge_square
          [aquarium_subvault_bridge, aquarium_subvault_wall,
          aquarium_subvault_wall, aquarium_subvault_bridge], aquarium_window_1,
          aquarium_window_1, aquarium_view_2c, aquarium_balcony_3b,
          aquarium_pool_side, chequers_arboretum, dk_noncrumbling_4
D:7:      layout_gridville, gammafunk_temple_overflow_forgotten,
          kennysheep_generic_room_7, uniq_menkaure
D:8:      layout_basic, nicolae_qazlal_scattered_showers, minitemple,
          mainiacjoe_overflow_alcove_1, kennysheep_generic_room_11
D:9:      layout_basic, mainiacjoe_overflow_catwalk, special_room
          [special_room_orc], serial_undead, serial_undead_f, serial_undead_a,
          serial_undead_f, serial_undead_f, serial_undead_e,
          amcnicky_mini_corridor_feature, uniq_maurice
D:10:     layout_loops_ring, lair_entry_dummy, serial_shops, shop
D:11:     layout_long_grid, minmay_orc_entry_temple_small, hangedman_minor_magic
D:12:     layout_long_grid, okawaru_ov_weapons_minmay, uniq_sonja,
          uniq_gastronok, uniq_frances
D:13:     gammafunk_sealed_arena, layout_basic, david_vaults_3,
          minmay_unpleasant_kobolds, uniq_rupert
D:14:     layout_cave_pods, serial_bayou, serial_bayou_pond_a,
          serial_bayou_shore_a, serial_bayou_ford_a, serial_bayou_pond_e,
          minivault_16, nicolae_shop_firing_range
D:15:     gammafunk_depths_entry_grave, layout_cave_pools,
          hangedman_abyss_or_decor_clamps, uniq_jorgrun, uniq_nessos
Temple:   hellmonk_temple_divided_pantheon
Lair:1:   layout_loops_ring, st_stairs_6, nicolae_lair_lindhole, uniq_joseph
Lair:2:   beast_lair_carwin_large_1, layout_concentric_octagons,
          elwin_shoals_entry_stream
Lair:3:   layout_cave_pods, nicolae_spider_entry_non_spiders, basic_altar,
          gauntlet_entry_generic, chequers_serial_rivers_micro_d, uniq_josephine
Lair:4:   layout_regular_city, slime_entry_1, pdpol_lair_cabin_in_the_woods
Lair:5:   grunt_lair_end_beastmaster, layout_regular_city
Shoals:1: layout_shoals
Shoals:2: layout_shoals, serial_shops, shop, nicolae_splish_splash, uniq_ilsuiw
Shoals:3: layout_shoals, gammafunk_ghost_wrathful_warriors, uniq_polyphemus,
          uniq_nikola
Spider:1: layout_spider_delve, nicolae_spider_altar_of_dancing
Spider:2: layout_spider_delve, nicolae_spider_orb_run
Spider:3: layout_spider_delve, gammafunk_ghost_mausoleum
Spider:4: spider_rune_water, special_room [special_room_bee]
Orc:1:    layout_diamond_mine, serial_shops, shop, uniq_harold
Orc:2:    pf_orc_diabolical, layout_caves, mines3_lemuel, uniq_snorg,
          uniq_erolcha

Skill      XL: |  1  2  3  4  5  6  7  8  9 10 11 12 13 14 15 16 17 |
---------------+----------------------------------------------------+-----
Axes           | 4 5 7 9 10 12 13 15 17 19 21 22 23 | 23.7
Stealth        | 2 |  2.0
Armour         | 2 3 4 5 6 7 8 10 | 10.0
Dodging        | 3 |  3.1
Fighting       | 4 5 6 8 9 10 12 14 16 | 16.4
Invocations    | 6 10 13 17 | 17.4
Evocations     | |  0.5

Action                   |  1- 3 |  4- 6 |  7- 9 | 10-12 | 13-15 | 16-18 || total
-------------------------+-------+-------+-------+-------+-------+-------++-------
Melee: Hand axe          |    52 |    76 |   116 |       |       |       ||   244
       War axe           |       |       |   136 |   301 |       |       ||   437
       Punch             |       |       |     2 |     4 |       |       ||     6
       Lochaber axe      |       |       |       |   218 |   741 |   585 ||  1544
Throw: Dart              |       |     7 |    27 |    54 |       |     2 ||    90
       Stone             |       |       |    28 |     5 |       |       ||    33
       Throwing net      |       |       |     1 |     1 |       |       ||     2
       Boomerang         |       |       |       |    11 |   301 |   205 ||   517
Invok: Upheaval          |       |       |       |     1 |    24 |     6 ||    31
       Disaster Area     |       |       |       |       |       |     1 ||     1
Evoke: Wand              |       |       |    12 |    15 |     4 |     6 ||    37
       Box of beasts     |       |       |       |       |     2 |     1 ||     3
  Use: Potion            |     2 |       |     6 |     2 |     1 |       ||    11
       Scroll            |       |     2 |    13 |     6 |     6 |     1 ||    28
 Stab: Sleeping          |     6 |       |       |       |       |       ||     6
       Invisible         |     1 |       |       |       |       |       ||     1
       Paralysed         |       |       |     8 |    11 |       |       ||    19
       Petrified         |       |       |       |       |     1 |       ||     1
       Held in net/web   |       |       |       |       |       |     1 ||     1
Armor: Robe              |     5 |       |       |       |       |       ||     5
       Scale mail        |     7 |    32 |   108 |   109 |       |       ||   256
       Skin              |       |       |    50 |       |       |       ||    50
       Chain mail        |       |       |       |   200 |   235 |   309 ||   744
Dodge: Dodged            |    19 |    34 |    94 |   200 |   271 |   179 ||   797
       Repelled          |       |       |       |       |     8 |     5 ||    13
Block: Other             |       |       |       |    86 |   178 |   187 ||   451

Table legend: (Time is in decaauts)
 A = Elapsed time spent in this place.
 B = Non-inter-level travel time spent in this place.
 C = Inter-level travel time spent in this place.
 D = Time resting spent in this place.
 E = Time spent auto-exploring this place.
 F = Levels seen in this place.
 G = Mean time per level.
                   A        B        C        D        E       F      G
               +--------+--------+--------+--------+--------+-----+--------+
         Total |  38582 |  35566 |   3016 |   9017 |  20556 |  31 | 1244.6 |
       Dungeon |  18509 |  16728 |   1781 |   3119 |  10576 |  15 | 1233.9 |
        Temple |     33 |     23 |     10 |      0 |      6 |   1 |   33.0 |
          Lair |   7998 |   7288 |    710 |   1740 |   4620 |   5 | 1599.6 |
        Shoals |   2407 |   2315 |     92 |    546 |   1473 |   3 |  802.3 |
   Spider Nest |   6188 |   5955 |    233 |   2424 |   2691 |   4 | 1547.0 |
  Orcish Mines |   2401 |   2213 |    188 |    668 |   1011 |   2 | 1200.5 |
      Gauntlet |   1043 |   1043 |      0 |    520 |    178 |   1 | 1043.0 |
               +--------+--------+--------+--------+--------+-----+--------+

Top non-repeatable levels by time:
Spider:4: 2106 daAuts
    D:11: 1808 daAuts
     D:9: 1757 daAuts
  Lair:1: 1736 daAuts
   Orc:2: 1690 daAuts
  Lair:3: 1662 daAuts
  Lair:2: 1643 daAuts
  Lair:4: 1616 daAuts
     D:3: 1579 daAuts
    D:14: 1517 daAuts
     D:7: 1474 daAuts
Spider:3: 1407 daAuts
     D:4: 1397 daAuts
Shoals:1: 1364 daAuts
Spider:2: 1356 daAuts

Table legend:
 A = Kills in this place as a percentage of kills in entire the game.
 B = Kills by you in this place as a percentage of kills by you in the entire game.
 C = Kills by friends in this place as a percentage of kills by friends in the entire game.
 D = Other kills in this place as a percentage of other kills in the entire game.
 E = Experience gained in this place as a percentage of experience gained in the entire game.
 F = Experience gained in this place divided by the number of levels of this place that you have seen.
                   A       B       C       D       E      F
               +-------+-------+-------+-------+-------+----------------------
         Total | 100.0 | 100.0 | 100.0 |   N/A | 100.0 | 9331.2
       Dungeon |  42.4 |  42.5 |   0.0 |   N/A |  27.1 | 5227.7
          Lair |  16.2 |  16.3 |   0.0 |   N/A |  19.1 | 11054.6
        Shoals |   6.4 |   6.3 | 100.0 |   N/A |  11.0 | 10592.7
   Spider Nest |  21.8 |  21.8 |   0.0 |   N/A |  30.9 | 22328.0
  Orcish Mines |  10.7 |  10.7 |   0.0 |   N/A |   8.7 | 12559.0
      Gauntlet |   2.5 |   2.5 |   0.0 |   N/A |   3.2 | 9370.0
               +-------+-------+-------+-------+-------+----------------------
